Map: Oblivion Express

Players

monk

  • Race: Protoss Protoss
  • Spawn Location: 12:00

sTkmonk

  • Race: Terran Terran
  • Spawn Location: 0:00

VOD

Have the link to the VOD?

Description

Time

  • Played on: July 7, 2017, 3:09 a.m.
  • Length: 26:04
Show
View Real Time Build Order
Export as new Build Order

monk Protoss 

Build Orders:  

Get SALT Encoding   

  12  0:03  Probe (Chrono Boost)  
  13  0:16  Probe (Chrono Boost)  
  14  0:23  Assimilator  
  14  0:27  Probe (Chrono Boost)  
  15  0:36  Dark Pylon  
  16  0:41  Probe (Chrono Boost)  
  16  0:42  Assimilator  
  16  0:52  Probe (Chrono Boost)  
  17  1:04  Probe (Chrono Boost)  
  18  1:15  Probe (Chrono Boost)  
  19  1:21  Gateway  
  19  1:27  Probe (Chrono Boost)  
  20  1:34  Pylon  
  20  1:38  Probe (Chrono Boost)  
  22  1:50  Probe (Chrono Boost)  
  22  2:01  Probe (Chrono Boost)  
  23  2:13  Probe (Chrono Boost)  
  23  2:19  Pylon  
  24  2:25  Probe (Chrono Boost)  
  24  2:27  Cybernetics Core  
  25  2:36  Probe (Chrono Boost)  
  26  2:48  Probe (Chrono Boost)  
  27  2:59  Probe (Chrono Boost)  
  28  3:11  Probe (Chrono Boost)  
  28  3:18  Death Council  
  29  3:22  Probe (Chrono Boost)  
  30  3:33  Assimilator  
  30  3:34  Probe (Chrono Boost)  
  30  3:39  Assimilator  
  31  3:46  Probe (Chrono Boost)  
  32  3:50  Nexus  
  32  3:57  Probe (Chrono Boost)  
  33  4:12  Probe (Chrono Boost)  
  33  4:15  Dark Shrine  
  33  4:16  Warp Gate  
  34  4:24  Probe (Chrono Boost)  
  35  4:30  Gateway  
  35  4:31  Gateway  
  35  4:37  Probe (Chrono Boost)  
  36  4:42  Forge, Shadow Fury (Chrono Boost)  
  36  4:48  Probe (Chrono Boost)  
  37  5:09  Dark Templar  
  39  5:20  Protoss Ground Weapons Level 1 (Chrono Boost)  
  39  5:51  Gateway  
  39  5:54  Gateway  
  39  5:55  Gateway  
  39  5:56  Dark Templar  
  39  5:58  Dark Templar Blink  
  41  6:02  Dark Templar  
  41  6:09  Dark Templar  
  45  6:24  Pylon  
  45  6:57  Dark Templar x2  
  45  6:58  Dark Templar  
  51  7:15  Dark Templar x3  
  51  7:19  Protoss Ground Weapons Level 2 (Chrono Boost)  
  57  7:23  Pylon  
  57  7:51  Photon Cannon  
  57  7:53  Pylon  
  57  7:54  Photon Cannon  
  57  8:00  Pylon  
  57  8:05  Gateway  
  57  8:10  Gateway  
  57  8:15  Dark Templar  
  57  8:16  Dark Templar x3  
  57  8:17  Dark Templar  
  67  8:45  Dark Pylon  
  67  8:53  Dark Templar  
  69  9:00  Protoss Ground Weapons Level 3  
  69  9:04  Blink (Chrono Boost)  
  69  9:13  Dark Templar x2  
  69  9:14  Dark Templar x3  
  79  9:39  Dark Templar x2  
  83  9:40  Dark Templar  
  83  9:48  Pylon  
  85  9:51  Pylon  
  85  9:52  Pylon  
  85  9:54  Dark Pylon  
  85  10:07  Pylon  
  85  10:08  Pylon  
  85  10:15  Phase Reactor (Chrono Boost)  
  85  10:22  Dark Templar x2  
  89  10:35  Photon Cannon  
  89  10:37  Photon Cannon  
  89  10:48  Dark Templar x4  
  97  11:16  Stalker x2  
  97  11:17  Stalker x2  
  103  11:35  Stalker  
  103  11:36  Stalker x3  
  111  11:50  Stalker  
  111  11:51  Stalker  
  111  12:23  Dark Templar x2  
  111  12:24  Dark Templar x3  
  111  12:25  Dark Templar  
  123  12:45  Dark Templar  
  123  12:46  Dark Templar  
  123  13:11  Dark Templar  
  123  13:12  Dark Templar x2  
  128  13:35  Dark Templar x2  
  128  13:36  Dark Templar x2  
  124  14:08  Protoss Shields Level 1  
  124  14:15  Stalker  
  124  14:16  Stalker x3  
  132  14:26  Probe  
  133  14:48  Stalker x2  
  133  14:49  Stalker x2  
  141  14:55  Photon Cannon  
  141  14:57  Photon Cannon  
  141  14:58  Photon Cannon x2  
  141  15:01  Photon Cannon  
  141  15:08  Photon Cannon  
  141  15:12  Photon Cannon  
  141  15:58  Pylon  
  139  16:02  Pylon x2  
  137  16:12  Dark Templar, Protoss Shields Level 2  
  137  16:13  Dark Templar  
  141  16:36  Dark Templar  
  141  16:37  Dark Templar x4  
  141  16:38  Dark Templar  
  153  17:00  Photon Cannon  
  153  17:06  Photon Cannon  
  153  17:07  Photon Cannon  
  153  17:09  Photon Cannon x2, Stalker  
  155  17:10  Stalker  
  157  17:52  Stalker x2  
  157  17:53  Stalker x2  
  165  18:06  Photon Cannon x2  
  165  18:09  Photon Cannon  
  165  18:10  Pylon  
  165  18:13  Photon Cannon  
  165  18:16  Pylon  
  163  18:41  Dark Templar x3  
  163  18:42  Dark Templar x2  
  165  19:04  Stalker x3  
  165  19:07  Protoss Shields Level 3  
  167  19:38  Dark Templar x4  
  167  19:39  Dark Templar x2  
  175  20:08  Dark Templar  
  175  20:09  Dark Templar  
  179  20:15  Pylon  
  179  20:18  Pylon  
  179  20:22  Pylon  
  179  20:37  Dark Templar  
  181  20:45  Pylon  
  181  20:47  Pylon  
  181  21:06  Dark Templar x2  
  181  21:07  Dark Templar x3  
  175  21:52  Dark Templar x3  
  175  21:53  Dark Templar x3  
  187  22:04  Dark Templar  
  187  22:08  Dark Templar  
  181  22:41  Dark Templar x2  
  181  22:42  Dark Templar  
  187  22:57  Dark Templar x2  
  189  23:18  Dark Templar x2  
  193  24:20  Dark Templar x3  
Show
View Real Time Build Order
Export as new Build Order

sTkmonk Terran 

Build Orders:  

Get SALT Encoding   

Tags
 
Add a new tag
Caveats
  • Supply blocks, unpowered buildings, or Contaminate may cause inaccurate times.
  • Supply counts are checked every 10 seconds.